[Event "Titled Tuesday Blitz May 30 Early 2023"]
[White "lluiss"]
[Black "Sowul, Bartosz"]
[BlackFideId "1137590"]
[WhiteElo "2312"]
[BlackElo "2188"]
[Result "0-1"]
[Round "04"]
[TimeControl "180+2"]
[Date "2023.05.30"]
[WhiteClock "0:00:00"]
[BlackClock "0:00:11"]

1. Nf3 Nf6 2. d4 c5 3. c4 e6 4. Nc3 cxd4 5. Nxd4 Nc6 6. a3 Bc5 7. Nb3 Bb6 8. g3 O-O 9. Bg2 a5 10. a4 Ne5 11. c5 Bc7 12. O-O d6 13. Nb5 dxc5 14. Qxd8 Bxd8 15. Nxc5 Nd5 16. Nd6 b6 17. Nxc8 Rxc8 18. Nb3 Nb4 19. Nd4 Nc2 20. Nxc2 Rxc2 21. Be3 Nc4 22. Bd4 Rxe2 23. Rfc1 Nd6 24. Rc6 Nf5 25. Bc3 h5 26. Bf3 Rc2 27. Bd1 Nd4 28. Rc8 Nb3 29. Rb1 Rc1 30. Rxc1 Nxc1 31. Bd4 Nd3 32. b3 Nb4 33. Be2 f6 34. Bc4 Nd5 35. Bxd5 exd5 36. Rb8 Bc7 37. Rb7 Be5 38. Bxb6 Rc8 39. Bxa5 d4 40. Kg2 d3 41. Rd7 Rc2 42. Rd5 d2 43. Rxd2 Rb2 44. Rxb2 Bxb2 45. b4 Bc3 0-1


[Site "https://www.chess.com"]

[Event "Titled Tuesday Blitz May 30 Early 2023"]
[White "Zaksaite, Salomeja"]
[Black "Herman, Daniel"]
[WhiteFideId "12801496"]
[BlackFideId "30935008"]
[WhiteElo "2059"]
[BlackElo "1897"]
[Result "1-0"]
[Round "04"]
[TimeControl "180+2"]
[Date "2023.05.30"]
[WhiteClock "0:00:35"]
[BlackClock "0:01:08"]

1. e4 Nf6 2. e5 Nd5 3. c4 Nb6 4. c5 Nd5 5. Nc3 e6 6. d4 Nxc3 7. bxc3 d6 8. cxd6 cxd6 9. Nf3 Nc6 10. exd6 Bxd6 11. Bd3 b6 12. Qe2 Qe7 13. O-O Bb7 14. Re1 O-O 15. Bxh7+ Kxh7 16. Ng5+ Kg8 17. Qh5 Qxg5 18. Bxg5 Ne7 19. g4 Rac8 20. Re3 Ng6 21. Rh3 f6 22. Qxg6 fxg5 23. Qxe6+ 1-0


[Site "https://www.chess.com"]

[Event "Titled Tuesday Blitz May 30 Early 2023"]
[White "Kokoszczynski, Jan"]
[Black "Cupid, Kevin"]
[WhiteFideId "1174460"]
[BlackFideId "7700512"]
[WhiteElo "2139"]
[BlackElo "2124"]
[Result "1-0"]
[Round "04"]
[TimeControl "180+2"]
[Date "2023.05.30"]
[WhiteClock "0:00:07"]
[BlackClock "0:00:13"]

1. c4 e5 2. Nc3 Bb4 3. Nd5 Bc5 4. Nf3 d6 5. d4 exd4 6. Nxd4 c6 7. Nc3 Nf6 8. Bg5 h6 9. Bh4 Qb6 10. Nb3 Be6 11. e3 Nbd7 12. Be2 Ne5 13. O-O Nxc4 14. Na4 Qb4 15. Bxf6 gxf6 16. Naxc5 dxc5 17. Qc2 O-O-O 18. Rfc1 Kb8 19. Bxc4 Rhg8 20. Bxe6 fxe6 21. Qxc5 Qg4 22. g3 Rd5 23. Qc4 Qh3 24. Qf4+ Ka8 25. Rc5 Rd3 26. Rac1 Rgd8 27. Qf3 e5 28. R5c2 Qe6 29. Re2 f5 30. Ree1 e4 31. Qe2 Qe5 32. Nd4 c5 33. Nb5 Rd2 34. Qf1 a6 35. Nc3 Rxb2 36. Red1 Rxd1 37. Qxd1 Ka7 38. Na4 Rb5 39. Nc3 Rb4 40. Nd5 b6 41. Nxb4 cxb4 42. Qd7+ Kb8 43. Rc8# 1-0


[Site "https://www.chess.com"]

[Event "Titled Tuesday Blitz May 30 Early 2023"]
[White "Wang, Ricky"]
[Black "Andreev, Konstantin"]
[WhiteFideId "2071916"]
[BlackFideId "24239305"]
[WhiteElo "2284"]
[BlackElo "2106"]
[Result "1-0"]
[Round "04"]
[TimeControl "180+2"]
[Date "2023.05.30"]
[WhiteClock "0:00:17"]
[BlackClock "0:00:23"]

1. e4 c5 2. Nf3 e6 3. b3 Nc6 4. Bb5 Nge7 5. O-O a6 6. Bxc6 Nxc6 7. Bb2 f6 8. d4 cxd4 9. Nxd4 Be7 10. Qh5+ g6 11. Qh6 Kf7 12. Nxc6 bxc6 13. e5 f5 14. Rd1 c5 15. Nd2 Bb7 16. Nc4 Bd5 17. Rxd5 Bg5 18. Rxd7+ Qxd7 19. Qxg5 Qe7 20. Nd6+ Kf8 21. Qh6+ Qg7 22. Qxg7+ Kxg7 23. Ba3 Ra7 24. Bxc5 Rc7 25. b4 Rb8 26. c4 a5 27. a3 g5 28. Rd1 Kg6 29. Nb5 Rcc8 30. Rd6 axb4 31. axb4 Kh5 32. Rxe6 Ra8 33. h3 Ra1+ 34. Kh2 Rc1 35. Nd4 f4 36. Nf5 Rc2 37. Rh6# 1-0


[Site "https://www.chess.com"]

[Event "Titled Tuesday Blitz May 30 Early 2023"]
[White "Cesar Maestre, Bernardo"]
[Black "Pham, Le Thao Nguyen"]
[WhiteFideId "24542547"]
[BlackFideId "12401226"]
[WhiteElo "2271"]
[BlackElo "2286"]
[Result "1-0"]
[Round "04"]
[TimeControl "180+2"]
[Date "2023.05.30"]
[WhiteClock "0:00:04"]
[BlackClock "0:00:03"]

1. d4 d5 2. c4 dxc4 3. Nf3 Nf6 4. e3 b5 5. a4 c6 6. axb5 cxb5 7. b3 e6 8. bxc4 b4 9. c5 a5 10. Nbd2 Be7 11. Nc4 O-O 12. Nb6 Ra7 13. Nxc8 Qxc8 14. Bd2 Qb7 15. Bd3 Nc6 16. O-O b3 17. e4 a4 18. Bc3 Rd8 19. Qb1 g6 20. Qb2 Nb4 21. Bb1 Raa8 22. d5 Nfxd5 23. exd5 Nxd5 24. Bd4 Nf4 25. Re1 Bf8 26. Be5 Nd3 27. Bxd3 Rxd3 28. Bd4 Qd5 29. Be3 Bxc5 30. Bxc5 Qxc5 31. Ne5 Rc3 32. Qe2 Rc2 33. Qf3 b2 34. Qxf7+ Kh8 35. Qf6+ Kg8 36. Qxe6+ Kg7 37. Qf7+ Kh8 38. Qf6+ Kg8 39. Rad1 Rc1 40. Qf7+ Kh8 41. Qf6+ Kg8 42. Qe6+ Kg7 43. Rd7+ Kh6 44. Qh3+ Kg5 45. Qg4+ Kf6 46. Qf4+ Ke6 47. Qf7# 1-0


[Site "https://www.chess.com"]

[Event "Titled Tuesday Blitz May 30 Early 2023"]
[White "mohsengabr2002"]
[Black "Filgueira, Hernan"]
[BlackFideId "101770"]
[WhiteElo "2253"]
[BlackElo "2363"]
[Result "1/2-1/2"]
[Round "04"]
[TimeControl "180+2"]
[Date "2023.05.30"]
[WhiteClock "0:01:46"]
[BlackClock "0:02:18"]

1. e4 d6 2. d4 Nf6 3. Nc3 c6 4. f3 b5 5. Nge2 e6 6. Be3 a5 7. Qd2 b4 8. Nd1 d5 9. e5 Nfd7 10. c3 c5 11. f4 Nc6 12. Nf2 Ba6 13. Nd3 Qb6 14. dxc5 Nxc5 15. Nxc5 Bxc5 16. Bxc5 Qxc5 17. Rc1 Qb6 18. Nd4 Nxd4 19. Qxd4 Qxd4 20. cxd4 Bxf1 21. Rxf1 Kd7 22. Kd2 g6 23. Rc5 Rhc8 24. Rfc1 Rxc5 25. Rxc5 h5 26. g3 a4 27. Rb5 b3 28. axb3 axb3 29. Rxb3 Ra1 30. Rb7+ Ke8 31. Rb8+ Ke7 32. Rb7+ Ke8 33. Rb3 Rh1 34. h4 Kd7 35. Rd3 Kc6 36. Rc3+ Kb6 37. Kc2 Rg1 38. Rd3 Rg2+ 39. Kc3 Kb5 40. Kb3 Rf2 41. Rc3 Kb6 42. Rd3 Kb5 43. Kc3 Rf1 44. Kb3 Rf2 1/2-1/2


[Site "https://www.chess.com"]

[Event "Titled Tuesday Blitz May 30 Early 2023"]
[White "Fernandez Garcia, Gumersindo"]
[Black "Coelho, Ramyres Santana"]
[WhiteFideId "24516740"]
[BlackFideId "2120690"]
[WhiteElo "2093"]
[BlackElo "1888"]
[Result "0-1"]
[Round "04"]
[TimeControl "180+2"]
[Date "2023.05.30"]
[WhiteClock "0:00:05"]
[BlackClock "0:01:19"]

1. e4 c5 2. b4 cxb4 3. d4 e6 4. Bd3 d5 5. e5 Nc6 6. Ne2 Qb6 7. O-O Bd7 8. Be3 Nge7 9. f4 Nf5 10. Bxf5 exf5 11. Qd3 g6 12. a3 Be7 13. c3 b3 14. Nd2 b2 15. Ra2 O-O 16. Rb1 Rac8 17. Raxb2 Qc7 18. Rxb7 Qd8 19. c4 dxc4 20. Nxc4 Be6 21. Nd2 Bc5 22. Nf3 Bb6 23. Ng5 Bd5 24. Nc3 Na5 25. Nxd5 Qxd5 26. Re7 Qa2 27. Rf1 Rc2 28. Rf2 Rfc8 29. e6 f6 30. Rxc2 Rxc2 31. Qf1 Qxa3 32. Rd7 Qxe3+ 33. Kh1 Rc1 0-1


[Site "https://www.chess.com"]

[Event "Titled Tuesday Blitz May 30 Early 2023"]
[White "Gurevich, Dmitry"]
[Black "Nugumanov, Bakhtiyar"]
[WhiteFideId "2000407"]
[BlackFideId "13701797"]
[WhiteElo "2506"]
[BlackElo "2209"]
[Result "0-1"]
[Round "04"]
[TimeControl "180+2"]
[Date "2023.05.30"]
[WhiteClock "0:00:00"]
[BlackClock "0:00:04"]

1. d4 e6 2. c4 c5 3. Nf3 Nf6 4. d5 exd5 5. cxd5 d6 6. e4 g6 7. h3 Bg7 8. Bd3 O-O 9. O-O b5 10. Re1 a6 11. Nc3 Bb7 12. Bf4 Re8 13. a3 Nh5 14. Bg5 Qc7 15. Rc1 Nd7 16. Qd2 c4 17. Bc2 Nc5 18. Be3 Nf6 19. Bd4 Rad8 20. Qf4 Nh5 21. Qh4 Bxd4 22. Nxd4 Qe7 23. Qxe7 Rxe7 24. f3 Nf4 25. Red1 Nfd3 26. Rb1 Rc7 27. b4 Nd7 28. g3 Rdc8 29. Kg2 Nb6 30. f4 f5 31. Ne6 Re7 32. Bxd3 cxd3 33. Rxd3 fxe4 34. Re3 Rxc3 35. Rxc3 Nxd5 36. Nd8 Nxc3 37. Rc1 Ba8 38. Kf2 e3+ 39. Ke1 Nd5 40. Nc6 Bxc6 41. Rxc6 Rd7 42. Ke2 Kf7 43. Rxa6 Ke6 44. Ra5 Rb7 45. Kd3 Rc7 46. Ra8 Rc3+ 47. Ke2 Rc2+ 48. Ke1 Rh2 49. Re8+ Ne7 50. Rd8 d5 0-1


[Site "https://www.chess.com"]

[Event "Titled Tuesday Blitz May 30 Early 2023"]
[White "Barbot, Pierre"]
[Black "Samaganova, Aleksandra"]
[WhiteFideId "663727"]
[BlackFideId "13800221"]
[WhiteElo "2431"]
[BlackElo "1858"]
[Result "0-1"]
[Round "04"]
[TimeControl "180+2"]
[Date "2023.05.30"]
[WhiteClock "0:00:00"]
[BlackClock "0:00:06"]

1. d4 Nf6 2. Nf3 e6 3. Bf4 b6 4. e3 Bb7 5. Nbd2 c5 6. Bd3 d5 7. c3 Nc6 8. O-O Bd6 9. Ne5 Qc7 10. Ndf3 h6 11. Bg3 O-O 12. Nxc6 Bxc6 13. Ne5 Bb7 14. f4 Ne4 15. Bh4 f6 16. Ng6 Rf7 17. Qh5 f5 18. g4 Bc6 19. Kh1 Be8 20. Rg1 fxg4 21. Qxg4 Rf5 22. Ne7+ Qxe7 23. Bxe7 Nf2+ 24. Kg2 Nxg4 25. Bxd6 Nxe3+ 26. Kf3 Nc4 27. Bxf5 exf5 28. Be5 Bh5+ 29. Kf2 g6 30. b3 Nd2 31. Rae1 Ne4+ 32. Ke3 Nxc3 33. dxc5 Ne4 34. cxb6 axb6 35. Rd1 Rxa2 36. Rxd5 Re2+ 37. Kd4 Rd2+ 38. Kc4 Be2+ 39. Kb4 Rxd5 40. Rc1 Rb5+ 41. Ka4 Ra5+ 42. Kb4 Rb5+ 43. Ka4 Rc5 44. Re1 Ba6 45. Rd1 Nc3+ 46. Ka3 Nxd1 0-1


[Site "https://www.chess.com"]

[Event "Titled Tuesday Blitz May 30 Early 2023"]
[White "Larina, Maria"]
[Black "Vovk, Orest"]
[WhiteFideId "24113182"]
[BlackFideId "14113490"]
[WhiteElo "1848"]
[BlackElo "2215"]
[Result "0-1"]
[Round "04"]
[TimeControl "180+2"]
[Date "2023.05.30"]
[WhiteClock "0:00:07"]
[BlackClock "0:00:08"]

1. e4 g5 2. d4 g4 3. h3 g3 4. fxg3 Bg7 5. Nc3 c5 6. Nf3 cxd4 7. Nxd4 Nc6 8. Nxc6 bxc6 9. Be3 Rb8 10. Bd4 Bxd4 11. Qxd4 Nf6 12. e5 Nd5 13. Nxd5 cxd5 14. e6 O-O 15. exd7 Qa5+ 16. Qd2 Qxd2+ 17. Kxd2 Bxd7 18. b3 e5 19. c3 f5 20. Be2 Kf7 21. Rhf1 Ke6 22. Rae1 Kd6 23. Kc2 Rg8 24. g4 f4 25. g3 fxg3 26. Rg1 Rbf8 27. Rxg3 Rf2 28. Kd1 e4 29. Rf1 Rgf8 30. Rgg1 Ke5 31. Ke1 e3 32. Bd3 h6 33. a4 d4 34. cxd4+ Kxd4 35. Bc4 Bxa4 36. bxa4 Kxc4 37. h4 Kd3 38. g5 Re2+ 39. Kd1 Rb8 40. Kc1 Rc2+ 41. Kd1 Rb1# 0-1


[Site "https://www.chess.com"]

[Event "Titled Tuesday Blitz May 30 Early 2023"]
[White "Fishchuk, Vladyslav"]
[Black "Dilmukhametov, Artur"]
[WhiteFideId "34122117"]
[BlackFideId "24179922"]
[WhiteElo "2082"]
[BlackElo "2242"]
[Result "0-1"]
[Round "04"]
[TimeControl "180+2"]
[Date "2023.05.30"]
[WhiteClock "0:00:12"]
[BlackClock "0:00:42"]

1. e4 e5 2. Nf3 Nf6 3. Nc3 Nc6 4. Bb5 Bb4 5. O-O O-O 6. Bxc6 dxc6 7. d3 Bg4 8. h3 Bxf3 9. Qxf3 h6 10. Ne2 Re8 11. g4 Qd7 12. Ng3 Rad8 13. Nf5 Nh7 14. Be3 Bf8 15. Kh1 Ng5 16. Qg2 g6 17. h4 gxf5 18. gxf5 f6 19. hxg5 hxg5 20. Qg4 Re7 21. Kg2 Rh7 22. Rh1 Rxh1 23. Rxh1 Qg7 24. b3 c5 25. a4 c6 26. Kf3 b5 27. Ra1 Rc8 28. Kg2 Rc7 29. axb5 cxb5 30. Ra6 Qh8 31. c4 bxc4 32. dxc4 Qh6 33. Qd1 Rh7 34. Qd5+ Kh8 35. Kf3 Qh5+ 36. Kg3 Qh3# 0-1


[Site "https://www.chess.com"]

[Event "Titled Tuesday Blitz May 30 Early 2023"]
[White "KSho99"]
[Black "Kuznetsov, Mikhail"]
[BlackFideId "4117190"]
[WhiteElo "2186"]
[BlackElo "1981"]
[Result "0-1"]
[Round "04"]
[TimeControl "180+2"]
[Date "2023.05.30"]
[WhiteClock "0:00:00"]
[BlackClock "0:00:05"]

1. Nf3 Nf6 2. b3 g6 3. Bb2 Bg7 4. e3 O-O 5. d4 d5 6. c4 c5 7. dxc5 Qa5+ 8. Nbd2 Qxc5 9. Rc1 dxc4 10. Bxc4 Qh5 11. h3 Nc6 12. O-O Rd8 13. Qc2 Bf5 14. e4 Nxe4 15. Nxe4 Bxb2 16. Qxb2 Bxe4 17. Be2 Qf5 18. Rfd1 Qf6 19. Qxf6 exf6 20. Nd2 Nd4 21. Bc4 Bd5 22. Kf1 Bxc4+ 23. Nxc4 Ne6 24. Nd6 Rd7 25. Ne4 Rxd1+ 26. Rxd1 f5 27. Nc3 Kf8 28. Rd7 Rc8 29. Nb5 Nc5 30. Rd5 b6 31. Rd6 a6 32. Nd4 Rb8 33. Nc6 Rb7 34. Nb4 Ne4 35. Rc6 a5 36. Nd5 b5 37. Rc8+ Kg7 38. Ra8 a4 39. bxa4 bxa4 40. Rxa4 Rb1+ 41. Ke2 Rb5 42. Ne3 Nc3+ 0-1


[Site "https://www.chess.com"]

[Event "Titled Tuesday Blitz May 30 Early 2023"]
[White "Tarnowska, Aleksandra"]
[Black "Hirneise, Jens"]
[WhiteFideId "1180967"]
[BlackFideId "24614734"]
[WhiteElo "1776"]
[BlackElo "2345"]
[Result "0-1"]
[Round "04"]
[TimeControl "180+2"]
[Date "2023.05.30"]
[WhiteClock "0:00:00"]
[BlackClock "0:01:04"]

1. e4 c5 2. Nf3 a6 3. c3 e6 4. d4 d5 5. exd5 exd5 6. Be2 Nf6 7. O-O Nc6 8. Bg5 Be7 9. dxc5 Bxc5 10. Nbd2 O-O 11. Nb3 Be7 12. Nbd4 Re8 13. Re1 Bg4 14. h3 Bh5 15. Nxc6 bxc6 16. Nd4 Bxe2 17. Qxe2 Qd7 18. Qf3 Ne4 19. Bxe7 Rxe7 20. Nf5 Re6 21. Qg4 g6 22. Nd4 Nf6 23. Qg5 Rxe1+ 24. Rxe1 Ne4 25. Qf4 Re8 26. f3 Nc5 27. Re3 Kg7 28. b4 Na4 29. h4 h5 30. g4 hxg4 31. fxg4 Rxe3 32. Qxe3 Qxg4+ 33. Kf1 Qxh4 34. Nxc6 Qf6+ 35. Qf2 Qxc6 36. Kg1 Qxc3 0-1


[Site "https://www.chess.com"]

[Event "Titled Tuesday Blitz May 30 Early 2023"]
[White "Yeritsyan, Hayk"]
[Black "Antonova, Nadezhda"]
[WhiteFideId "13307320"]
[BlackFideId "14700182"]
[WhiteElo "2444"]
[BlackElo "1799"]
[Result "0-1"]
[Round "04"]
[TimeControl "180+2"]
[Date "2023.05.30"]
[WhiteClock "0:01:27"]
[BlackClock "0:00:19"]

1. d4 Nf6 2. Nf3 g6 3. Bf4 Bg7 4. h3 O-O 5. e3 d6 6. c3 b6 7. Be2 Bb7 8. O-O Nbd7 9. Bh2 c5 10. Nbd2 a6 11. b4 Qc7 12. bxc5 bxc5 13. Rc1 Ne4 14. Nxe4 Bxe4 15. Qa4 Bc6 16. Qa3 Bb5 17. Rfe1 Bxe2 18. Rxe2 Rfb8 19. Rec2 Rb6 20. Nd2 Rb5 21. Bg3 Ra5 22. Qb2 Rb8 23. Qa1 Rab5 24. Rd1 Qb6 25. Rcc1 Qb7 26. Rb1 cxd4 27. cxd4 Qd5 28. a4 R5b7 29. Rxb7 Rxb7 30. Rb1 Rxb1+ 31. Qxb1 Qa5 32. Qb7 Nb6 33. Qc7 Qxd2 34. Qxb6 Qd1+ 35. Kh2 Qxa4 36. Bf4 f6 37. Qd8+ Kf7 38. Qd7 Qxd7 0-1


[Site "https://www.chess.com"]

[Event "Titled Tuesday Blitz May 30 Early 2023"]
[White "Andrew_Ledger"]
[Black "Ryan, Joseph"]
[BlackFideId "2500426"]
[WhiteElo "2165"]
[BlackElo "2443"]
[Result "1/2-1/2"]
[Round "04"]
[TimeControl "180+2"]
[Date "2023.05.30"]
[WhiteClock "0:00:04"]
[BlackClock "0:00:19"]

1. Nf3 Nf6 2. c4 g6 3. g3 Bg7 4. Bg2 O-O 5. O-O d6 6. Nc3 c6 7. d3 e5 8. Rb1 a5 9. b3 Re8 10. Bb2 d5 11. cxd5 cxd5 12. e3 Nc6 13. Rc1 Bg4 14. h3 Be6 15. Kh2 h6 16. Na4 Nd7 17. Nc5 Nxc5 18. Rxc5 Qd7 19. Qd2 a4 20. b4 a3 21. Ba1 b6 22. Rc2 Rec8 23. Rfc1 f6 24. Bc3 b5 25. Qe2 Bf8 26. Qe1 Rc7 27. Bf1 Rac8 28. Qd1 Nxb4 29. Bxb4 Bxb4 30. Rxc7 Rxc7 31. Rxc7 Qxc7 32. d4 e4 33. Nh4 g5 34. Ng2 Qc3 35. Bxb5 Qb2 36. Qh5 Bf7 37. Qxh6 Bf8 38. Qxf6 Qxb5 39. Qxg5+ Bg7 40. Nf4 Qf1 41. Qd8+ Kh7 42. Qh4+ Kg8 43. Qd8+ Kh7 44. Qh4+ Kg8 45. Qd8+ 1/2-1/2


[Site "https://www.chess.com"]

[Event "Titled Tuesday Blitz May 30 Early 2023"]
[White "Trifan, Andrei Ioan"]
[Black "Flis, Pawel"]
[WhiteFideId "12967068"]
[BlackFideId "1112864"]
[WhiteElo "2208"]
[BlackElo "1822"]
[Result "1-0"]
[Round "04"]
[TimeControl "180+2"]
[Date "2023.05.30"]
[WhiteClock "0:01:10"]
[BlackClock "0:00:00"]

1. e4 c5 2. Nf3 d6 3. c4 Nf6 4. Nc3 Nc6 5. Be2 g6 6. O-O Bg7 7. d4 cxd4 8. Nxd4 O-O 9. Be3 Bd7 10. Rc1 Nxd4 11. Bxd4 Bc6 12. f3 Nd7 13. Bxg7 Kxg7 14. Qd4+ Kg8 15. Rfd1 a5 16. Nd5 Bxd5 17. cxd5 Rc8 18. Bb5 Nc5 19. a3 Nb3 20. Rxc8 Qxc8 21. Qc4 Qc5+ 22. Qxc5 Nxc5 23. b4 axb4 24. axb4 Na6 25. Rc1 Nxb4 26. Rc7 Ra8 27. Rxe7 Ra1+ 28. Kf2 Ra2+ 29. Kg3 Nc2 30. Rxb7 Ne3 31. Kf4 Nxg2+ 32. Kg5 Kg7 33. Be8 h6+ 34. Kg4 h5+ 35. Kg3 Ne3 36. Rxf7+ Kh6 37. Rf6 Nf1+ 38. Kf4 Ra8 39. Bxg6 Kg7 40. Rxd6 Rf8+ 41. Bf5 1-0


[Site "https://www.chess.com"]

[Event "Titled Tuesday Blitz May 30 Early 2023"]
[White "Zaitsev, Alexander"]
[Black "Blackwhite017"]
[WhiteFideId "4164490"]
[WhiteElo "2373"]
[BlackElo "2107"]
[Result "1-0"]
[Round "04"]
[TimeControl "180+2"]
[Date "2023.05.30"]
[WhiteClock "0:00:47"]
[BlackClock "0:00:31"]

1. e4 c5 2. Nf3 d6 3. d4 cxd4 4. Qxd4 Nc6 5. Bb5 Bd7 6. Bxc6 Bxc6 7. Nc3 Nf6 8. Bg5 h6 9. Bxf6 gxf6 10. Nd5 Bg7 11. O-O e6 12. Nc3 Qc7 13. Rad1 Ke7 14. Rd2 Rhg8 15. Qe3 b6 16. Rfd1 Rad8 17. Nd5+ Bxd5 18. exd5 f5 19. dxe6 fxe6 20. Nd4 Bxd4 21. Rxd4 e5 22. Qxh6 exd4 23. Qh7+ 1-0


[Site "https://www.chess.com"]

[Event "Titled Tuesday Blitz May 30 Early 2023"]
[White "Sprenar, Petr"]
[Black "Joubert, Dantelle"]
[WhiteFideId "397164"]
[BlackFideId "14310813"]
[WhiteElo "2182"]
[BlackElo "1507"]
[Result "1-0"]
[Round "04"]
[TimeControl "180+2"]
[Date "2023.05.30"]
[WhiteClock "0:01:08"]
[BlackClock "0:00:36"]

1. d4 d5 2. c4 c6 3. cxd5 cxd5 4. Bf4 Nc6 5. Nc3 Nf6 6. e3 a6 7. Be2 e6 8. Rc1 Bd6 9. Bxd6 Qxd6 10. f4 O-O 11. Nf3 Ne4 12. Nxe4 dxe4 13. Ne5 Nxe5 14. fxe5 Qb4+ 15. Qd2 Qxd2+ 16. Kxd2 f6 17. exf6 gxf6 18. Rc7 Rf7 19. Rhc1 Rxc7 20. Rxc7 f5 21. g4 b5 22. g5 Rb8 23. h4 Bb7 24. h5 Bd5 25. b3 a5 26. Kc3 a4 27. Kb4 axb3 28. axb3 Ra8 29. Bxb5 Ra2 30. Rc8+ Kg7 31. h6+ Kg6 32. Rg8+ Kh5 33. Be8+ Kh4 34. g6 hxg6 35. h7 1-0


[Site "https://www.chess.com"]

[Event "Titled Tuesday Blitz May 30 Early 2023"]
[White "Sanchez, Robert"]
[Black "Abdilkhair, Abilmansur"]
[WhiteFideId "2034360"]
[BlackFideId "13716417"]
[WhiteElo "1826"]
[BlackElo "2215"]
[Result "0-1"]
[Round "04"]
[TimeControl "180+2"]
[Date "2023.05.30"]
[WhiteClock "0:00:17"]
[BlackClock "0:00:09"]

1. e4 e5 2. Nf3 Nc6 3. Bb5 a6 4. Ba4 Nf6 5. O-O b5 6. Bb3 Be7 7. Re1 d6 8. c3 O-O 9. h3 Bb7 10. d4 h6 11. Nbd2 Re8 12. Nf1 Bf8 13. Ng3 exd4 14. cxd4 Na5 15. Bc2 c5 16. d5 g6 17. b3 Bg7 18. Bb2 Qb6 19. Re2 Rad8 20. Rb1 Bc8 21. Qc1 c4 22. b4 Nb7 23. Bxf6 Bxf6 24. Qxh6 Bg7 25. Qg5 Rd7 26. h4 Qd8 27. Qf4 Qf6 28. Qe3 Rde7 29. h5 Bg4 30. hxg6 fxg6 31. Qb6 Bxf3 32. gxf3 Qxf3 33. Re3 Qg4 34. Qxa6 Bd4 35. Rbe1 Rf8 36. Qxb5 Ref7 37. Bd1 Qh3 38. Bf3 Bxe3 39. Rxe3 Rxf3 40. Rxf3 Rxf3 41. Qe8+ Kg7 42. Qd7+ Qxd7 0-1


[Site "https://www.chess.com"]

[Event "Titled Tuesday Blitz May 30 Early 2023"]
[White "Itgelt, Khuyagtsogt"]
[Black "Osiecki, Stanislaw"]
[WhiteFideId "4902912"]
[BlackFideId "1102990"]
[WhiteElo "2227"]
[BlackElo "2088"]
[Result "1-0"]
[Round "04"]
[TimeControl "180+2"]
[Date "2023.05.30"]
[WhiteClock "0:01:38"]
[BlackClock "0:01:28"]

1. d4 Nf6 2. c4 g6 3. Nf3 Bg7 4. g3 d6 5. Bg2 O-O 6. O-O Nbd7 7. Qc2 e5 8. Rd1 Qe7 9. Nc3 c6 10. e4 a5 11. h3 Nh5 12. Bg5 f6 13. Be3 f5 14. exf5 gxf5 15. Bg5 Bf6 16. Qxf5 exd4 17. Bxf6 Ndxf6 18. Qg5+ Kh8 19. Rxd4 Rg8 20. Qd2 Rd8 21. Re1 Qf8 22. g4 Ng7 23. Rf4 Nge8 24. g5 Qg7 25. gxf6 Nxf6 26. Qd4 Bxh3 27. Qxf6 Bxg2 28. Qxg7+ Kxg7 29. Re7+ 1-0


[Site "https://www.chess.com"]

[Event "Titled Tuesday Blitz May 30 Early 2023"]
[White "Makhmudov, Shukhrat"]
[Black "Schnaider, Ilan"]
[WhiteFideId "14200775"]
[BlackFideId "169013"]
[WhiteElo "2135"]
[BlackElo "2224"]
[Result "0-1"]
[Round "04"]
[TimeControl "180+2"]
[Date "2023.05.30"]
[WhiteClock "0:00:30"]
[BlackClock "0:00:06"]

1. e4 c5 2. Nf3 d6 3. d4 cxd4 4. Nxd4 Nf6 5. Nc3 a6 6. h3 e5 7. Nf3 h5 8. Bg5 Be6 9. Nd5 Bxd5 10. exd5 Nbd7 11. c3 Be7 12. Bd3 Nxd5 13. Bxe7 Nxe7 14. O-O Qc7 15. Ng5 d5 16. Be2 Nf6 17. Qc2 g6 18. Rfe1 O-O 19. Rad1 Rad8 20. Bd3 e4 21. Bf1 Kg7 22. g3 Nf5 23. Bg2 e3 24. f4 Nxg3 25. f5 Nxf5 26. Nf3 Rfe8 27. Re2 Ng3 28. Ree1 Qf4 29. Rd4 Nfe4 30. c4 dxc4 31. Qxc4 Rxd4 32. Qxd4+ Qf6 33. Qxe3 Qxb2 34. Nd4 h4 35. Bxe4 Rxe4 36. Qf2 Rxe1+ 37. Qxe1 Qxd4+ 38. Kh2 Qb2+ 39. Kg1 Qb6+ 40. Kg2 Qc6+ 41. Kh2 Qh1+ 42. Qxh1 Nxh1 43. Kxh1 f5 44. Kg2 Kf6 45. Kf3 g5 46. Ke3 Ke5 47. a3 a5 48. a4 g4 49. Kf2 gxh3 50. Kg1 f4 51. Kh2 Kd5 0-1


[Site "https://www.chess.com"]

[Event "Titled Tuesday Blitz May 30 Early 2023"]
[White "Buscar, Michael"]
[Black "surrenderPLS"]
[WhiteFideId "2603616"]
[WhiteElo "2010"]
[BlackElo "2507"]
[Result "0-1"]
[Round "04"]
[TimeControl "180+2"]
[Date "2023.05.30"]
[WhiteClock "0:00:05"]
[BlackClock "0:00:03"]

1. d4 Nf6 2. c4 e6 3. Nc3 Bb4 4. e3 O-O 5. Bd3 Re8 6. Ne2 d5 7. O-O c5 8. a3 Bxc3 9. Nxc3 cxd4 10. exd4 Nc6 11. Bg5 h6 12. cxd5 hxg5 13. dxc6 bxc6 14. Qd2 Nd5 15. Ne4 Nf4 16. Bc2 Qxd4 17. Rad1 Qxd2 18. Rxd2 f6 19. Rd6 e5 20. Rxc6 Ne2+ 21. Kh1 Nd4 22. Rc3 Bf5 23. f3 Rec8 24. Bb3+ Nxb3 25. Rxb3 Rcb8 26. Rxb8+ Rxb8 27. b4 a5 28. bxa5 Bxe4 29. fxe4 Rb5 30. h3 Rxa5 31. Rf3 Ra4 32. Re3 Kf7 33. Kh2 Ke6 34. Kg3 g6 35. Kg4 Rd4 36. Kf3 Ra4 37. Rb3 f5 38. Rb6+ Kf7 39. Rb7+ Kf6 40. Rb6+ Kg7 41. exf5 gxf5 42. Rb3 e4+ 43. Ke3 f4+ 44. Ke2 Ra5 45. Rb4 e3 46. Rb3 Kf6 47. Kf3 Kf5 48. g3 Re5 49. gxf4 e2 50. fxe5 e1=Q 51. Re3 Qf1+ 52. Kg3 Qg1+ 53. Kf3 g4+ 54. hxg4+ Qxg4+ 55. Kf2 Kf4 56. e6 Qh4+ 57. Ke2 Qh5+ 58. Kd2 Qa5+ 59. Ke2 Qb5+ 60. Kd2 Qb2+ 61. Ke1 Kxe3 62. e7 Qe2# 0-1


[Site "https://www.chess.com"]

[Event "Titled Tuesday Blitz May 30 Early 2023"]
[White "KVAIDAN"]
[Black "Omariev, Maksim"]
[BlackFideId "4193423"]
[WhiteElo "2311"]
[BlackElo "2482"]
[Result "1-0"]
[Round "04"]
[TimeControl "180+2"]
[Date "2023.05.30"]
[WhiteClock "0:01:36"]
[BlackClock "0:00:01"]

1. f4 c5 2. Nf3 d5 3. e3 Nc6 4. Bb5 Bd7 5. O-O Nf6 6. b3 g6 7. Bb2 Bg7 8. Bxc6 Bxc6 9. Ne5 Rc8 10. Qe2 O-O 11. d3 e6 12. Nd2 Qc7 13. Ndf3 Rfd8 14. Ng5 Be8 15. Qf2 h6 16. Ngf3 b5 17. Qh4 Nd7 18. Rab1 Nxe5 19. Bxe5 Qb7 20. Rf2 Bc6 21. Rbf1 a5 22. Bxg7 Kxg7 23. Ne5 c4 24. Ng4 Rh8 25. Qf6+ Kg8 26. Ne5 Be8 27. bxc4 bxc4 28. g4 cxd3 29. cxd3 Qb6 30. f5 Qxe3 31. fxe6 Rh7 32. exf7+ Bxf7 33. Nxf7 Rf8 34. Nxh6+ Rxh6 35. Qxf8+ Kh7 36. Qf7+ Kh8 37. Qf4 Rh3 38. Qxe3 Rxe3 39. Rf8+ Kg7 40. g5 Re7 41. R1f6 d4 42. h4 a4 43. Rd8 a3 44. Rxd4 Re1+ 45. Kf2 Ra1 46. Rd7+ Kg8 47. Rb6 Rxa2+ 48. Ke3 Re2+ 49. Kxe2 a2 50. Rb8# 1-0


[Site "https://www.chess.com"]

[Event "Titled Tuesday Blitz May 30 Early 2023"]
[White "rikchessmx"]
[Black "Ismayil, Malak"]
[BlackFideId "13412604"]
[WhiteElo "2294"]
[BlackElo "1868"]
[Result "1-0"]
[Round "04"]
[TimeControl "180+2"]
[Date "2023.05.30"]
[WhiteClock "0:00:17"]
[BlackClock "0:00:03"]

1. e4 e5 2. Nf3 Nc6 3. Bc4 Bc5 4. d3 Nf6 5. c3 d6 6. b4 Bb6 7. a4 a6 8. Ba3 O-O 9. h3 Be6 10. Nbd2 Re8 11. O-O d5 12. exd5 Bxd5 13. Re1 e4 14. Bxd5 Qxd5 15. Nxe4 Nxe4 16. dxe4 Qc4 17. Qc2 h6 18. Nd2 Qe6 19. Qa2 Qf6 20. Nc4 Qxc3 21. Nxb6 cxb6 22. Rab1 b5 23. Bb2 Qc4 24. Qxc4 bxc4 25. Bc3 b5 26. a5 Rad8 27. f3 Rd3 28. Rbc1 Red8 29. Kf2 Rxc3 30. Rxc3 Nxb4 31. Ke3 Nc6 32. Re2 Ne5 33. Rb2 Kf8 34. f4 Nd3 35. Rd2 Ke7 36. g4 Rd7 37. h4 Ke6 38. g5 hxg5 39. hxg5 g6 40. Rd1 Ke7 41. Rd2 Rd8 42. Rd1 Rh8 43. Rf1 Rh3+ 44. Kd4 Kd6 45. f5 gxf5 46. Rxf5 Ke6 47. Rf6+ Ke7 48. Rxa6 Rg3 49. g6 fxg6 50. Rb6 Rg5 51. a6 b4 52. Rxc4 Nb2 53. Rc7+ Kd8 54. Rg7 Kc8 55. a7 1-0


[Site "https://www.chess.com"]